 Dungeon Crawl Stone Soup version 0.18-a0-998-gcb3fcb1 (webtiles) character file.

5688 tof the Cleaver (level 10, -18/86 HPs)
             Began as a Minotaur Fighter on Jan 5, 2016.
             Was an Elder of Okawaru.
             Killed from afar by Harold (63 damage)
             ... with a bolt of fire
             ... on level 1 of the Lair of Beasts.
             The game lasted 00:30:24 (9225 turns).

tof the Cleaver (Minotaur Fighter)                  Turns: 9225, Time: 00:30:24

Health: -18/86     AC: 19    Str: 21    XL:     10   Next: 47%
Magic:  9/9        EV: 12    Int:  5    God:    Okawaru [****..]
Gold:   747        SH: 11    Dex: 13    Spells: 0 memorised, 9 levels left

rFire  x . .     SeeInvis .     R - +2 hand axe (flame)
rCold  + . .     Gourm    .     y - +4 scale mail of the Salamander {rN++}
rNeg   + + .     Faith    .     c - +0 shield
rPois  +         Spirit   .     (helmet restricted)
rElec  +         Dismiss  .     K - +0 cloak {rPois}
rCorr  .         Reflect  .     G - +0 pair of gloves
SustAt .         Harm     .     (no boots)
MR     .....     Rnd*Rage +     W - amulet of regeneration
Stlth  ..........               U - ring of ice
                                h - ring of poison resistance

@: not resistant to hostile enchantments, extremely unstealthy
A: retaliatory headbutt, horns 2, slimy green scales 1, yellow scales 1, berserk
1, electricity resistance
a: Heroism, Renounce Religion


You were on level 1 of the Lair of Beasts.
You worshipped Okawaru.
Okawaru was greatly pleased with you.
You were not hungry.

You visited 3 branches of the dungeon, and saw 10 of its levels.

You collected 747 gold pieces.

Inventory:

Hand Weapons
 a - a +0 war axe
 H - a +0 dire flail of holy wrath
 R - a +2 hand axe of flaming (weapon)
Armour
 c - a +0 shield (worn)
 y - the +4 scale mail of the Salamander (worn) {rN++}
   (You found it on level 4 of the Dungeon)

   It greatly protects you from negative energy.
 G - a +0 pair of gloves (worn)
 I - a +0 scale mail of cold resistance
 K - a +0 cloak of poison resistance (worn)
Jewellery
 h - a ring of poison resistance (left hand)
 U - a ring of ice (right hand)
 W - an amulet of regeneration (around neck)
Wands
 b - a wand of digging (1/24)
 q - a wand of flame (26/48)
 u - a wand of fireball (5/15)
 C - a wand of magic darts (2/48)
 E - a wand of lightning (7/15)
 F - a wand of magic darts (34/48)
 M - a wand of frost (19/48)
 P - a wand of random effects (26/48)
Scrolls
 e - a scroll of fear {unknown}
 g - 6 scrolls of remove curse
 n - 3 scrolls of teleportation
 p - 8 scrolls of identify
 r - 3 scrolls of enchant armour {unknown}
 s - 2 scrolls of fog
 x - a scroll of magic mapping
 D - a scroll of noise {unknown}
 J - 2 scrolls of blinking {unknown}
 Q - a scroll of amnesia {unknown}
 S - a scroll of random uselessness {unknown}
 T - a scroll of immolation {unknown}
Potions
 d - 2 potions of might
 i - a potion of cancellation {unknown}
 k - a potion of invisibility {unknown}
 l - 2 potions of haste
 m - 2 potions of degeneration {unknown}
 o - 2 potions of magic {unknown}
 t - a potion of cure mutation {unknown}
 v - a potion of ambrosia {unknown}
 w - a potion of mutation {unknown}
 L - a potion of heal wounds {unknown}
 V - 2 potions of curing
Books
 B - a book of Death

   Spells                             Type                      Level
   a - Corpse Rot                     Necromancy                   2
   b - Sublimation of Blood           Necromancy                   2
   c - Agony                          Necromancy                   5
   d - Dispel Undead                  Necromancy                   5
   e - Excruciating Wounds            Charms/Necromancy            5
   f - Bolt of Draining               Conjuration/Necromancy       5
 N - a book of the Earth

   Spells                             Type                      Level
   a - Leda's Liquefaction            Hexes/Earth                  4
   b - Bolt of Magma                  Conjuration/Fire/Earth       5
   c - Statue Form                    Transmutation/Earth          6
   d - Iron Shot                      Conjuration/Earth            6
   e - Shatter                        Earth                        9
Comestibles
 f - 3 bread rations
 j - 6 meat rations
 z - 3 royal jellies
 A - 7 fruits
 O - 10 chunks of flesh


   Skills:
 + Level 7.2 Fighting
 * Level 11.1 Axes
 * Level 8.9 Armour
 * Level 8.0 Dodging
 + Level 0.8 Stealth
 + Level 7.9 Shields
 + Level 0.5 Evocations


You had 9 spell levels left.
You didn't know any spells.

Dungeon Overview and Level Annotations

Branches:
Dungeon (8/15)             Temple (1/1) D:4            Lair (1/8) D:8

Altars:
Ashenzari
Cheibriados
Dithmenos
Elyvilon
Fedhas
Gozag
Kikubaaqudgha
Nemelex Xobeh
Okawaru
Pakellas
Qazlal
Ru
Sif Muna
Trog
Vehumet
Xom
Yredelemnul
Zin
The Shining One

Annotations:
Lair:1 Harold


Innate Abilities, Weirdness & Mutations

You reflexively headbutt those who attack you in melee.
You have a pair of horns on your head.
You are partially covered in slimy green scales (AC +2).
You are partially covered in yellow scales (AC +2).
You tend to lose your temper in combat.
You are resistant to electric shocks.


Message History

Harold barely misses you. You furiously retaliate!
You headbutt Harold! You slash Harold! You burn Harold.
Harold is heavily wounded.
Harold closely misses you.
You hit Harold but do no damage. Your headbutt misses Harold.
Harold is heavily wounded.
You hit Harold. You burn Harold.
Harold is severely wounded.
Harold hits you but does no damage.
You hit Harold but do no damage.
Harold is severely wounded.
You closely miss Harold.
Harold is severely wounded.
You block Harold's attack.
You slash Harold! You burn Harold. Your headbutt misses Harold.
Harold is severely wounded.
Harold casts a spell at you. The bolt of fire hits you!
The fire burns you terribly!
Ouch! That really hurt!
You die...

# ####
.#.#.##..#############
...............@@....##
.....P#############..P#
.....# ##.## ..... #..#
.... ##.# ....
##########.# ...
...........# .F.
...........#
...........#


You could see Harold.

Vanquished Creatures
  3 komodo dragons (D:8)
  A troll (D:8)
  Grinder (D:3)
  Prince Ribbit (D:6)
  Sigmund (D:3)
  A steam dragon (D:8)
  Edmund (D:6)
  2 porcupines (Lair:1)
  An orc warrior (D:7)
  3 ice beasts
  A black bear (D:5)
  A sky beast (D:5)
  An ogre (D:8)
  3 centaurs
  3 crocodiles
  2 big kobolds (D:8)
  7 giant frogs
  A water moccasin zombie (D:5)
  11 wights
  A giant frog zombie (D:7)
  A crimson imp (D:5)
  5 hounds
  3 orc priests
  A gnoll shaman (D:7)
  Crazy Yiuf (D:6)
  A jelly (D:8)
  5 orc wizards
  Jessica (D:4)
  A giant frog skeleton (D:6)
  3 iguanas
  6 worker ants
  7 sheep (Lair:1)
  A killer bee zombie (D:8)
  14 gnolls
  2 worker ant zombies (D:5)
  14 adders
  19 river rats (Lair:1)
  2 shadow imps (D:5)
  An adder zombie (D:8)
  An ooze (D:4)
  2 adder skeletons
  4 worms (D:2)
  9 giant geckos
  23 orcs
  3 bats
  5 giant cockroaches
  4 goblins
  12 hobgoblins
  8 jackals (D:1)
  16 kobolds
  5 quokkas
  2 ball pythons
  2 giant gecko skeletons
  5 giant newts
  A quokka skeleton (D:5)
  A quokka zombie (D:4)
  7 rats
  2 fungi (Lair:1)
246 creatures vanquished.

Vanquished Creatures (others)
  A fungus (Lair:1)
1 creature vanquished.

Grand Total: 247 creatures vanquished

Notes
Turn   | Place    | Note
--------------------------------------------------------------
     0 | D:1      | tof the Minotaur Fighter began the quest for the Orb.
     0 | D:1      | Reached XP level 1. HP: 19/19 MP: 0/0
   116 | D:1      | Reached XP level 2. HP: 27/27 MP: 1/1
   125 | D:1      | Reached skill level 4 in Fighting
   308 | D:1      | Reached XP level 3. HP: 31/33 MP: 2/2
   810 | D:2      | Reached XP level 4. HP: 24/41 MP: 3/3
  1107 | D:2      | Reached skill level 1 in Dodging
  1217 | D:2      | Found a glowing silver altar of Zin.
  1392 | D:3      | Noticed Jessica
  1443 | D:3      | Reached XP level 5. HP: 41/47 MP: 4/4
  1566 | D:3      | Noticed Sigmund
  1575 | D:3      | Killed Sigmund
  1575 | D:3      | Reached XP level 6. HP: 51/55 MP: 5/5
  1704 | D:3      | Noticed Grinder
  1712 | D:3      | Paralysed by Grinder for 7 turns
  2064 | D:3      | Paralysed by Grinder for 4 turns
  2083 | D:3      | Paralysed by Grinder for 5 turns
  2114 | D:3      | You fall through a shaft for 2 floors!
  2114 | D:5      | Entered Level 5 of the Dungeon
  2470 | D:5      | Reached skill level 5 in Fighting
  2470 | D:5      | Reached skill level 5 in Armour
  2735 | D:5      | Reached skill level 5 in Axes
  2894 | D:5      | Noticed an ice beast
  2903 | D:5      | Killed an ice beast
  2903 | D:5      | Reached skill level 6 in Armour
  2903 | D:5      | Reached XP level 7. HP: 61/61 MP: 6/6
  3129 | D:5      | Reached skill level 5 in Shields
  3396 | D:5      | Gained mutation: You are partially covered in yellow scales (AC +2). [mutagenic meat]
  3397 | D:5      | Gained mutation: You are partially covered in slimy green scales (AC +2). [mutagenic meat]
  3398 | D:5      | Gained mutation: You tend to lose your temper in combat. [mutagenic meat]
  3399 | D:5      | Gained mutation: You are resistant to electric shocks. [mutagenic meat]
  3582 | D:5      | Found a shadowy altar of Dithmenos.
  3732 | D:4      | Got a distressingly furry scale mail
  3743 | D:4      | Identified the +4 scale mail of the Salamander {rN++} (You found it on level 4 of the Dungeon)
  3853 | D:4      | Killed Jessica
  4215 | D:4      | Reached XP level 8. HP: 60/68 MP: 7/7
  4302 | D:4      | Found a staircase to the Ecumenical Temple.
  4308 | Temple   | Entered the Ecumenical Temple
  4481 | Temple   | Became a worshipper of Warmaster Okawaru
  4513 | D:4      | Found an iron altar of Okawaru.
  4882 | D:3      | Killed Grinder
  4882 | D:3      | Reached skill level 7 in Armour
  5262 | D:6      | Reached * piety under Okawaru
  5277 | D:6      | Noticed Prince Ribbit
  5297 | D:6      | Killed Prince Ribbit
  5297 | D:6      | Reached skill level 5 in Dodging
  5454 | D:6      | Found a shimmering altar of Xom.
  5454 | D:6      | Noticed Edmund
  5466 | D:6      | Killed Edmund
  5659 | D:6      | Reached XP level 9. HP: 75/75 MP: 8/8
  5865 | D:6      | Noticed Crazy Yiuf
  5869 | D:6      | Killed Crazy Yiuf
  5869 | D:6      | Reached ** piety under Okawaru
  6248 | D:7      | Reached skill level 8 in Axes
  6550 | D:7      | Found a sacrificial altar of Ru.
  7155 | D:7      | Reached skill level 9 in Axes
  7476 | D:8      | Noticed a komodo dragon
  7486 | D:8      | Killed a komodo dragon
  7486 | D:8      | Reached *** piety under Okawaru
  7691 | D:8      | Noticed a komodo dragon
  7702 | D:8      | Killed a komodo dragon
  7702 | D:8      | Reached skill level 10 in Axes
  7702 | D:8      | Reached XP level 10. HP: 64/84 MP: 6/9
  7995 | D:8      | Found a staircase to the Lair.
  8214 | D:8      | Reached **** piety under Okawaru
  8329 | D:8      | Received a gift from Okawaru
  8733 | Lair:1   | Entered Level 1 of the Lair of Beasts
  8788 | Lair:1   | Reached skill level 11 in Axes
  9183 | Lair:1   | Noticed Harold
  9225 | Lair:1   | Killed from afar by Harold

Vault maps used:
D:1:      minmay_arrival_five_plusses
D:2:      zin_treasury, serial_bayou_lagoon_a, grunt_ministairs_1,
          minmay_misc_feat_plants, minmay_misc_feat_five
D:3:      minmay_cupped, uniq_sigmund, uniq_jessica, uniq_grinder
D:4:      minmay_temple_entry_enclosed_plants, minivault_5,
          kennysheep_okawaru_gauntlet
D:5:      black_bear_nest_1, grunt_dithmenos_shadows, first_bread
D:6:      xom_teletrap_fun, uniq_edmund, uniq_prince_ribbit1,
          uniq_crazy_yiuf_cottage
D:7:      nicolae_ru_awakened_eye
D:8:      erik_lair_dragon
Temple:   nicolae_temple_elliptical
Lair:1:   dpeg_oklob_gauntlet, uniq_harold

Action                   |  1- 3 |  4- 6 |  7- 9 | 10-12 || total
-------------------------+-------+-------+-------+-------++-------
Melee: War axe           |    69 |   165 |   338 |    69 ||   641
       Hand axe          |       |       |       |    96 ||    96
Invok: Heroism           |       |       |     1 |       ||     1
Evoke: Wand              |       |       |     1 |       ||     1
  Use: Scroll            |       |       |     6 |       ||     6
  Eat: Chunk             |       |     3 |    18 |     5 ||    26
       Bread ration      |       |     1 |     1 |       ||     2
